 Dungeon Crawl Stone Soup version 0.21.1-1-g345015fe64 (webtiles) character file.

1122 Jannitor the Shield-Bearer (level 8, -2/43 HPs)
             Began as a Vine Stalker Fighter on May 1, 2018.
             Slain by a worker ant (3 damage)
             ... on level 7 of the Dungeon.
             The game lasted 00:04:32 (3070 turns).

Jannitor the Shield-Bearer (Vine Stalker Fighter)   Turns: 3070, Time: 00:04:33

Health: -2/43      AC: 14    Str: 27      XL:     8   Next: 35%
Magic:  0/9        EV:  8    Int:  8      God:
Gold:   263        SH: 10    Dex: 12 (13) Spells: 7/7 levels left

rFire    . . .     SeeInvis .   a - +1 war axe
rCold    . . .     Gourm    .   c - +0 shield
rNeg     . . .     Faith    .   b - +1 scale mail
rPois    .         Spirit   +   (no helmet)
rElec    .         Reflect  .   s - +2 cloak
rCorr    .         Harm     .   q - +2 pair of gloves
MR       +....                  (no boots)
Stlth    ..........             (no amulet)
HPRegen  0.54/turn              (no ring)
MPRegen  0.11/turn              (no ring)

@: mighty, lethally poisoned (-2 -> -2), very slightly contaminated, slowed,
very slow
A: fangs 3, regeneration 1, magic shield, antimagic bite, no potion heal 3, rot
immunity
a: no special abilities


You were on level 7 of the Dungeon.
You were very hungry.

You visited 1 branch of the dungeon, and saw 7 of its levels.

You collected 263 gold pieces.

Inventory:

Hand Weapons
 a - a +1 war axe (weapon)
Armour
 b - a +1 scale mail (worn)
 c - a +0 shield (worn)
 o - the +1 helmet of Xikled {-Tele +Fly Int+7}
   (You found it on level 5 of the Dungeon)

   It affects your intelligence (+7).
   It lets you fly.
   It prevents most forms of teleportation.
 q - a +2 pair of gloves (worn)
 s - a +2 cloak (worn)
Wands
 p - a wand of paralysis (12)
Scrolls
 e - 2 scrolls of remove curse
 g - a scroll of fear
 h - a scroll of silence {unknown}
 n - 4 scrolls of identify
 r - a scroll of enchant armour
Potions
 d - a potion of might
 i - a potion of degeneration {unknown}
 j - a potion of heal wounds
 k - 2 potions of curing
 l - a potion of agility {unknown}
 m - a potion of lignification
Comestibles
 f - 2 rations


   Skills:
 + Level 5.1 Fighting
 + Level 4.7 Axes
 + Level 4.6 Armour
 + Level 5.1 Shields


You had 7 spell levels left.
You didn't know any spells.

Dungeon Overview and Level Annotations

Branches:
Dungeon (7/15)
 Temple: D:4-7

Altars:
Gozag
Hepliaklqana

Shops:
D:4 =

Annotations:
D:5 1 exclusion, Sigmund; YoungGLord's ghost, novice HOFi


Innate Abilities, Weirdness & Mutations

You have razor-sharp teeth.
Your natural rate of healing is unusually fast.
When hurt, damage is shared between your health and your magic reserves.
Your bite disrupts and absorbs the magic of your enemies.
Potions cannot restore your health.
You are immune to rotting.


Message History

The hornet stings you!
* * * LOW HITPOINT WARNING * * *
You suddenly lose the ability to move!
The jackal bites you but does no damage.
The worker ant barely misses you.
The big kobold hits you with a short sword.
You can move again.
You closely miss the hornet.
The hornet is severely wounded.
You hit the worker ant. You closely miss the big kobold. You slash the jackal!
You kill the jackal!
You slash the jackal!
You kill the jackal!
You feel sick. You block the hornet's attack.
The worker ant closely misses you. The hornet stings you.
* * * LOW HITPOINT WARNING * * *
You shrug off the repeated paralysis!
The big kobold hits you but does no damage.
The jackal bites you. The worker ant bites you.
You die...

#.# ...#...
..####.......
####....#.......
#...............
................
................
.......)a.....#.
......y@Kh......
.......†h......#
..............##
.........##.###
...#.###.. .#
..#.. ...# # #
#. ##.# .. .#


You could see a hornet, a big kobold, a worker ant and 2 jackals.

Vanquished Creatures
  A hungry ghost (D:6)
  An ice beast (D:4)
  2 phantoms
  An ogre (D:6)
  A big kobold (D:6)
  A bullfrog (D:6)
  A jelly (D:6)
  A quasit (D:6)
  A centaur skeleton (D:2)
  Crazy Yiuf (D:6)
  2 hounds (D:4)
  A bullfrog skeleton (D:4)
  2 iguanas
  An orc wizard (D:4)
  2 worker ants
  A hound skeleton (D:4)
  A howler monkey zombie (D:6)
  3 gnolls (D:2)
  3 adders
  An adder skeleton (D:6)
  A worm (D:2)
  3 dart slugs
  2 leopard geckos (D:4)
  8 orcs
  5 bats
  3 hobgoblins (D:1)
  11 jackals
  11 kobolds
  2 quokkas
  2 frilled lizards
  A jackal skeleton (D:4)
  A jackal zombie (D:6)
  3 rats
81 creatures vanquished.

Vanquished Creatures (others)
  4 toadstools (D:1)
4 creatures vanquished.

Grand Total: 85 creatures vanquished

Notes
Turn   | Place    | Note
-------+----------+-------------------------------------------
     0 | D:1      | Jannitor the Vine Stalker Fighter began the quest for the Orb.
     0 | D:1      | Reached XP level 1. HP: 11/11 MP: 2/2
   125 | D:1      | Reached XP level 2. HP: 14/16 MP: 3/3
   269 | D:2      | Reached XP level 3. HP: 18/20 MP: 2/4
   567 | D:2      | Gained mutation: Your natural rate of healing is unusually fast. [Vine Stalker growth]
   567 | D:2      | Reached XP level 4. HP: 24/24 MP: 5/5
   893 | D:4      | Reached XP level 5. HP: 28/28 MP: 4/6
   983 | D:4      | Noticed an ice beast
   994 | D:4      | Killed an ice beast
   994 | D:4      | Reached XP level 6. HP: 27/33 MP: 3/7
  1244 | D:4      | Noticed a phantom
  1274 | D:4      | Killed a phantom
  1504 | D:4      | Found an opulent altar of Gozag.
  1505 | D:4      | Found a hazy altar of Hepliaklqana.
  1557 | D:4      | Found Eraug's Jewellery Shop.
  1729 | D:4      | Reached XP level 7. HP: 33/37 MP: 5/8
  1762 | D:5      | Entered Level 5 of the Dungeon
  1993 | D:5      | Got a faintly humming helmet
  2004 | D:5      | Identified the +1 helmet of Xikled {-Tele +Fly Int+7} (You found it on level 5 of the Dungeon)
  2041 | D:5      | Noticed YoungGLord's ghost (novice HOFi)
  2208 | D:5      | Noticed Sigmund
  2376 | D:6      | Noticed a hungry ghost
  2398 | D:6      | Killed a hungry ghost
  2398 | D:6      | Gained mutation: You have razor-sharp teeth. [Vine Stalker growth]
  2398 | D:6      | Reached XP level 8. HP: 42/42 MP: 9/9
  2608 | D:6      | Found a runed door.
  2691 | D:6      | Reached skill level 5 in Fighting
  2691 | D:6      | Reached skill level 5 in Shields
  3024 | D:6      | Noticed Crazy Yiuf
  3030 | D:6      | Killed Crazy Yiuf
  3059 | D:7      | Noticed a hornet
  3061 | D:7      | Paralysed by a hornet for 3 turns
  3066 | D:7      | Paralysed by a hornet for 2 turns
  3069 | D:7      | Paralysed by a hornet for 1 turns
  3070 | D:7      | HP: 1/43 [hornet (4)]
  3070 | D:7      | Slain by a worker ant

Skill      XL: |  1  2  3  4  5  6  7  8 |
---------------+-------------------------+-----
Axes           | 2 3 4 |  4.7
Shields        | 3 4 5 |  5.1
Fighting       | 3 4 5 |  5.1
Armour         | 3 4 |  4.6

Action                   |  1- 3 |  4- 6 |  7- 9 || total
-------------------------+-------+-------+-------++-------
Melee: War axe           |    61 |   129 |   133 ||   323
       Bite              |     8 |    39 |    27 ||    74
  Use: Scroll            |       |     3 |     5 ||     8
       Potion            |       |       |     3 ||     3
  Eat: Chunk             |       |     1 |     2 ||     3
       Ration            |       |       |     3 ||     3
Armor: Scale mail        |    37 |    62 |    81 ||   180
Dodge: Dodged            |    23 |    44 |    58 ||   125
Block: Shield            |    40 |    64 |    86 ||   190
